 Dungeon Crawl Stone Soup version 0.29-a0-653-gd47aff6735 (webtiles) character file.

Game seed: 15501214627108831339

240 kae the Insei (level 6, 0/50 HPs)
             Began as a Meteoran Transmuter on June 21, 2022.
             Slain by a water moccasin (6 damage)
             ... on level 3 of the Dungeon.
             The game lasted 00:04:20 (1241 turns).

kae the Insei (Meteoran Transmuter)                 Turns: 1241, Time: 00:04:21

Health: 0/50       AC:  2    Str: 11    XL:     6   Next: 56%
Magic:  10/13      EV: 20    Int: 18    God:
Gold:   427        SH:  0    Dex: 19    Spells: 7/13 levels left

rFire   + . .      SeeInvis .     - Unarmed
rCold   . . .      Faith    .   (shield currently unavailable)
rNeg    + . .      Spirit   .   (body armour currently unavailable)
rPois   x          Reflect  .   (helmet currently unavailable)
rElec   .          Harm     .   (cloak currently unavailable)
rCorr   .          Rampage  .   (gloves currently unavailable)
Will    .....                   (boots currently unavailable)
Stlth   +.........              (no amulet)
HPRegen 0.16/turn               j - ring of positive energy
MPRegen 0.13/turn               n - ring of protection from fire

@: mighty, lethally poisoned (0 -> -22), spider-form (expiring), wereblooded,
glowing
A: venomous fangs, tiny, sense surroundings 1, otherworldly, glowing, explore
regen
a: End Transformation


You were on level 3 of the Dungeon.
You were a venomous arachnid creature.
You visited 1 branch of the dungeon, and saw 3 of its levels.

You collected 1138 gold pieces.
You spent 711 gold pieces at shops.


Innate Abilities, Weirdness & Mutations

You are a venomous arachnid creature.
You have poisonous fangs.
You are tiny and dextrous.
Your spellcasting is less reliable in this form.
Your armour is entirely melded.
You are incapable of wielding weapons or throwing items.
You passively map a small area around you.
You are easily found by Zot.
You glow in the dark.
You regain HP and MP as you explore.


   Skills:
 + Level 2.6 Fighting
 - Level 2.4 Dodging
 * Level 5.3 Unarmed Combat
 + Level 4.1 Spellcasting
 * Level 4.5 Transmutations


You had 7 spell levels left.
You knew the following spells:

 Your Spells              Type           Power      Damage    Failure   Level
a - Beastly Appendage     Tmut           40%        N/A       9%          1
b - Wereblood             Tmut           20%        N/A       11%         2
c - Spider Form           Tmut/Pois      11%        N/A       36%         3

Your spell library contained the following spells:

 Spells                   Type           Power      Damage    Failure   Level
 Blink                    Tloc           6%         N/A       43%         2
 Static Discharge         Conj/Air       3%         N/A       43%         2
 Ignite Poison            Fire/Tmut/Pois 9%         N/A       45%         3
 Mephitic Cloud           Conj/Pois/Air  3%         N/A       63%         3
 Ice Form                 Ice/Tmut       11%        N/A       71%         4
 Blade Hands              Tmut           10%        N/A       73%         5
 Manifold Assault         Tloc           3%         N/A       99%         5
 Conjure Ball Lightning   Conj/Air       1%         3x3d6     100%        6
 Storm Form               Tmut/Air       5%         N/A       100%        7

Inventory:

Missiles
 c - 6 javelins {throwing}
 e - 11 stones {throwing}
 m - 3 poisoned darts {throwing}
 o - a throwing net {=f!fthrowing}
Armour
 a - a +0 robe (melded)
 d - a +0 ring mail
   (You found it on level 2 of the Dungeon)
 f - a +0 robe
   (You took it off Sigmund on level 2 of the Dungeon)
 g - a +0 leather armour
   (You found it on level 3 of the Dungeon)
 h - a +0 pair of gloves (melded)
   (You found it on level 1 of the Dungeon)
 l - a +0 scale mail
   (You found it on level 1 of the Dungeon)
 p - a +0 robe
   (You found it on level 2 of the Dungeon)
 r - a +0 ring mail
   (You found it on level 2 of the Dungeon)
 s - a +0 leather armour
   (You found it on level 2 of the Dungeon)
Jewellery
 j - a ring of positive energy (left front leg)
   (You found it on level 1 of the Dungeon)
 n - a ring of protection from fire (right front leg)
   (You found it on level 1 of the Dungeon)
Potions
 b - 3 potions of lignification {!q}
 k - a potion of mutation {!q}
 q - 2 potions of curing {@q1}
 x - a potion of brilliance

Dungeon Overview and Level Annotations

Branches:
Dungeon (3/15) Zot: 569

Altars:

Shops:
D:1 ( D:2

!(: ### #.#
########.#####
#......#<.....
#.####.####### *#####
#.#.........†.
......#####.########....
......Ss................
......#####.............
..... , *##############
*[###* , , ** * , * **,,
,,, , * * * , , * *


You could see a water moccasin (very poisoned).


Message History

The bat misses you.
You miss the bat. The bat barely misses you.
Casting: Beastly Appendage (safe; 2% risk of failure)
Confirm with . or Enter, or press ? or * to list all spells.
You grow a pair of large bovine horns.
Your feet morph into talons.
The bat hits you but does no damage. x2
The bat hits you but does no damage. 😎 MP[-1]
You lost 1 mp, and now have 12/13 mp.
The bat barely misses you.
You hit the bat but do no damage. You claw the bat, but do no damage.
The bat barely misses you.
You hit the bat. You claw the bat. The bat hits you but does no damage.
You hit the bat.
You kill the bat!
No target in view!
No target in view!
You open the door.
A quokka and a water moccasin come into view.
The water moccasin hisses angrily. 😎 MP[+1]
Your mp is fully restored (13).
Casting: Beastly Appendage (safe; 2% risk of failure)
Confirm with . or Enter, or press ? or * to list all spells.
Your horns disappear.
Your talons disappear.
You turn into a venomous arachnid creature.
Your +0 pair of gloves melds into your body.
Your +0 robe melds into your body.
The quokka misses you. The quokka misses you. 😎 MP[-3]
You lost 3 mp, and now have 10/13 mp.
Casting: Spider Form (quite dangerous; 36% risk of failure)
Confirm with . or Enter, or press ? or * to list all spells.
Your blood is infused with primal strength.
The quokka barely misses you.
The quokka barely misses you. x2 😎 MP[-2]
You lost 2 mp, and now have 8/13 mp.
You hit the quokka. The quokka closely misses you.
You barely miss the quokka. The quokka bites you. 😕 HP[-4]
You take 4 damage, and now have 46/50 hp.
You closely miss the quokka. The quokka bites you.
You closely miss the quokka.
The quokka closely misses you. 😕 HP[-4] MP[+1]
You take 4 damage, and now have 42/50 hp.
You barely miss the quokka. The quokka completely misses you.
You hit the quokka. The quokka completely misses you.
You bite the quokka!
You feel a bit better.
You kill the quokka!
The water moccasin barely misses you.
You closely miss the water moccasin. The water moccasin bites you.
You are poisoned.
The water moccasin poisons you! 😕 HP[-3]
You take 3 damage, and now have 39/50 hp.
You barely miss the water moccasin.
You hiss as the wereblood boils in your veins!
You feel very sick. The water moccasin bites you.
You are lethally poisoned!
The water moccasin poisons you!
You are too injured to fight recklessly! 😮 HP[-10]
You take 10 damage, and now have 29/50 hp.
You hit the water moccasin.
* * * LOW HITPOINT WARNING * * *
You feel extremely sick.
The water moccasin barely misses you. 😨 HP[-9]
You take 9 damage, and now have 20/50 hp.
You hit the water moccasin.
The water moccasin is poisoned.
* * * LOW HITPOINT WARNING * * *
You feel extremely sick. The water moccasin bites you.
* * * LOW HITPOINT WARNING * * *
You are more poisoned.
The water moccasin poisons you!
The water moccasin barely misses you. 😱 HP[-13]
You take 13 damage, and now have 7/50 hp.
MASSIVE DAMAGE!! (PAUSE) Unknown command.
Unknown command.
You feel better.
You hiss as the wereblood boils in your veins!
Your transformation is almost over.
The water moccasin misses you. 😨 HP[+11] MP[+1]
You regained 11 hp, and now have 18/50 hp.
You hit the water moccasin. The water moccasin bites you.
* * * LOW HITPOINT WARNING * * *
You are lethally poisoned!
The water moccasin poisons you! 😱 HP[-6]
You take 6 damage, and now have 12/50 hp.
You feel very mighty all of a sudden.
* * * LOW HITPOINT WARNING * * *
You feel very sick. The water moccasin bites you.
You die...

Skill      XL: |  1  2  3  4 |
---------------+-------------+-----
Spellcasting   | 3 4 |  4.1
Unarmed Combat | 4 5 |  5.3
Transmutations | 3 4 |  4.5
Fighting       | 2 |  2.6
Dodging        | |  2.4

Action                   |  1- 3 |  4- 6 || total
-------------------------+-------+-------++-------
Melee: Unarmed           |    66 |    67 ||   133
       Kick              |    10 |     7 ||    17
       Headbutt          |    11 |     3 ||    14
       Punch             |     1 |     1 ||     2
 Cast: Beastly Appendage |    16 |    10 ||    26
       Wereblood         |     1 |     3 ||     4
       Spider Form       |     1 |     2 ||     3
  Use: Scroll            |       |    10 ||    10
       Potion            |       |     2 ||     2
Armor: Robe              |    11 |    14 ||    25
       Skin              |       |     1 ||     1
Dodge: Dodged            |    41 |    46 ||    87

Levels and vault maps discovered:
D:1:      dpeg_arrival_pits, layout_rooms, shapermc_ecumenical_altar_hornbeckon,
          serial_shops, shop, st_stairs_9, lemuel_another_geyser
D:2:      layout_basic, serial_shops,
          nicolae_shop_temple_entry_statues_fountains, nicolae_shop_trees,
          nicolae_shop_window_shopping, uniq_sigmund
D:3:      layout_basic, grunt_temple_overflow_cloverleaf, uniq_grinder

Notes
Turn   | Place    | Note
-------+----------+-------------------------------------------
     0 | D:1      | kae the Meteoran Transmuter began the quest for the Orb.
     0 | D:1      | Reached XP level 1. HP: 16/16 MP: 5/5
    29 | D:1      | magus.rc [v1.9.6]
    57 | D:1      | Reached XP level 2. HP: 12/23 MP: 6/6
   132 | D:1      | Reached skill level 3 in Spellcasting
   135 | D:1      | Learned a level 2 spell: Wereblood
   183 | D:1      | Reached skill level 4 in Unarmed Combat
   298 | D:1      | Reached XP level 3. HP: 27/28 MP: 4/8
   302 | D:1      | Reached skill level 3 in Transmutations
   369 | D:1      | Found Leko Dic's Antique Weapon Shoppe.
   504 | D:1      | Glimpsed the power of Zot.
   547 | D:2      | Learned a level 3 spell: Spider Form
   554 | D:2      | Reached XP level 4. HP: 36/36 MP: 5/9
   635 | D:2      | Found Ribir's Distillery.
   651 | D:2      | Bought a potion of curing for 39 gold pieces
   690 | D:2      | You add the spells Blink, Manifold Assault and Storm Form
                  | to your library.
   744 | D:2      | Found Qiylacin's Weapon Shop.
   836 | D:2      | Identified a scroll of acquirement
   836 | D:2      | Acquired 1040 gold pieces
   906 | D:2      | Found Tafil's Book Emporium.
   913 | D:2      | Reached skill level 2 in Fighting
   914 | D:2      | Bought the Volume of Unstable Attacks for 672 gold pieces
   914 | D:2      | You add the spells Static Discharge, Mephitic Cloud, Ignite
                  | Poison, Blade Hands and Conjure Ball Lightning to your
                  | library.
  1018 | D:2      | Noticed Sigmund
  1033 | D:2      | Killed Sigmund
  1034 | D:2      | Reached skill level 5 in Unarmed Combat
  1034 | D:2      | Reached skill level 4 in Spellcasting
  1034 | D:2      | Reached skill level 4 in Transmutations
  1034 | D:2      | Reached XP level 5. HP: 35/42 MP: 9/12
  1034 | D:2      | Reached XP level 6. HP: 41/50 MP: 9/13
  1109 | D:2      | Glimpsed the power of Zot.
  1159 | D:2      | Glimpsed the power of Zot.
  1223 | D:3      | Noticed a water moccasin
  1238 | D:3      | HP: 7/50 [water moccasin (6)]
  1241 | D:3      | Slain by a water moccasin

Vanquished Creatures
  Sigmund (D:2)
  3 gnolls (D:2)
  3 dart slugs (D:1)
  4 ball pythons
  2 giant cockroaches (D:1)
  2 goblins (D:1)
  5 hobgoblins
  4 jackals (D:1)
  7 kobolds
  2 quokkas
  7 bats
  7 frilled lizards
  2 rats
49 creatures vanquished.

Vanquished Creatures (others)
  5 plants (D:1)
5 creatures vanquished.

Grand Total: 54 creatures vanquished

Table legend:
 A = Non-vault XP
 B = Vault XP
 C = Vault XP percentage of total XP
 D = Non-vault monster count
 E = Vault monster count
 F = Vault count percentage of total count
                 A         B        C        D         E       F
            +---------+---------+-------+---------+---------+-------
      Total |     118 |     226 |  65.7 |      46 |       3 |   6.1
            +---------+---------+-------+---------+---------+-------
        D:1 |      47 |       3 |   6.0 |      24 |       2 |   7.7
        D:2 |      67 |     223 |  76.9 |      20 |       1 |   4.8
        D:3 |       4 |       0 |   0.0 |       2 |       0 |   0.0
            +---------+---------+-------+---------+---------+-------

Illustrated notes

Table legend:
 A = Kills in this place as a percentage of kills in entire the game.
 B = Kills by you in this place as a percentage of kills by you in the entire game.
 C = Kills by friends in this place as a percentage of kills by friends in the entire game.
 D = Other kills in this place as a percentage of other kills in the entire game.
 E = Experience gained in this place as a percentage of experience gained in the entire game.
 F = Experience gained in this place divided by the number of levels of this place that you have seen.
                   A       B       C       D       E      F
               +-------+-------+-------+-------+-------+----------------------
         Total | 100.0 | 100.0 |   N/A |   N/A | 100.0 | 114.7
       Dungeon | 100.0 | 100.0 |   N/A |   N/A | 100.0 | 114.7
               +-------+-------+-------+-------+-------+----------------------

Table legend: (Time is in decaauts)
 A = Elapsed time spent in this place.
 B = Non-inter-level travel time spent in this place.
 C = Inter-level travel time spent in this place.
 D = Time resting spent in this place.
 E = Time spent auto-exploring this place.
 F = Levels seen in this place.
 G = Mean time per level.
                   A        B        C        D        E       F      G
               +--------+--------+--------+--------+--------+-----+--------+
         Total |   1229 |   1189 |     40 |      0 |    810 |   3 |  409.7 |
       Dungeon |   1229 |   1189 |     40 |      0 |    810 |   3 |  409.7 |
               +--------+--------+--------+--------+--------+-----+--------+

Top non-repeatable levels by time:
     D:2: 635 daAuts
     D:1: 524 daAuts
     D:3: 70 daAuts
